 Seeded DCSS version 0.30-a0-1066-g63dfefce0d (webtiles) character file.

Game seed: 3197891053798171883 (custom seed)

836 Twinkles the Stinger (level 7, -4/48 HPs)
             Began as an Octopode Wanderer on Apr 12, 2023.
             Was an Initiate of Ru.
             Slain by an ice beast (10 damage)
             ... on level 7 of the Dungeon.
             The game lasted 00:12:45 (4234 turns).

Twinkles the Stinger (Octopode Wanderer)            Turns: 4234, Time: 00:12:46

Health: -4/48      AC:  1    Str: 15    XL:     7   Next: 99%
Magic:  8/8        EV: 12    Int: 12    God:    Ru [......]
Gold:   245        SH:  0    Dex: 12    Spells: 4/8 levels left

rFire   . . .      SeeInvis .      - Unarmed
rCold   . . .      Faith    .    (no shield)
rNeg    . . .      Spirit   .    (helmet restricted)
rPois   +          Reflect  .    (no amulet)
rElec   .          Rampage  .    l - ring of wizardry
rCorr   .                        o - ring of poison resistance
Will    .....                    (no ring)
Stlth   +++                      (no ring)
HPRegen 0.28/turn                (no ring)
MPRegen 0.11/turn                (no ring)
                                 (no ring)
                                 (no ring)

@: no status effects
A: almost no armour, amphibious, 8 rings, camouflage 1, gelatinous body 1,
(nimble swimmer 1), tentacles
a: Renounce Religion, Sacrifice Stealth, Sacrifice Courage, Sacrifice an Eye,
Reject Sacrifices


You were on level 7 of the Dungeon.
You worshipped Ru.
Ru was noncommittal.
You visited 1 branch of the dungeon, and saw 7 of its levels.

You collected 245 gold pieces.

Inventory:

Hand Weapons
 a - a +2 dagger of draining
 c - a +0 dagger
 d - a +0 trident
Missiles
 b - 23 poisoned darts (quivered)
 f - 3 atropa-tipped darts
Magical Staves
 u - a staff of conjuration
Jewellery
 l - a ring of wizardry (left tentacle)
 o - a ring of poison resistance (right tentacle)
Scrolls
 e - a scroll of fear {unknown}
 g - a scroll of amnesia {unknown}
 h - a scroll of vulnerability {unknown}
 i - a scroll of enchant armour {unknown}
 k - 4 scrolls of poison {unknown}
 n - a scroll of enchant weapon {unknown}
 q - 2 scrolls of teleportation {unknown}
 s - 2 scrolls of blinking {unknown}
 t - 3 scrolls of magic mapping {unknown}
 v - 3 scrolls of noise {unknown}
 Z - a scroll of identify
Potions
 A - a potion of attraction
 B - 2 potions of brilliance
 J - 2 potions of curing
 N - a potion of heal wounds
 R - a potion of resistance
 T - a potion of berserk rage
 U - 2 potions of mutation


   Skills:
 + Level 4.2 Fighting
 - Level 3.0 Polearms
 - Level 1.0 Throwing
 - Level 3.9 Stealth
 + Level 3.5 Unarmed Combat
 - Level 1.0 Spellcasting
 - Level 2.3 Conjurations
 + Level 2.1 Transmutations
 - Level 2.5 Air Magic
 + Level 5.9 Poison Magic


You had 4 spell levels left.
You knew the following spells:

 Your Spells              Type           Power      Damage    Failure   Level
a - Sting                 Tmut/Pois      40%        1d5       2%          1
b - Mephitic Cloud        Conj/Pois/Air  9%         N/A       9%          3

Your spell library contained the following spells:

 Spells                   Type           Power      Damage    Failure   Level
 Cigotuvi's Dreadful Rot  Necr/Pois/Air  14%        N/A       6%          2
 Spider Form              Tmut/Pois      10%        N/A       7%          3
 Freeze                   Ice            0%         1d3       12%         1
 Slow                     Hex            0%         N/A       12%         1
 Ensorcelled Hibernation  Hex/Ice        0%         N/A       17%         2
 Vhi's Electric Charge    Tloc/Air       6%         N/A       21%         3
 Hailstorm                Conj/Ice       3%         3d3       22%         3
 Confusing Touch          Hex            0%         N/A       32%         3
 Frozen Ramparts          Ice            0%         1d1       32%         3
 Inner Flame              Hex/Fire       0%         N/A       32%         3
 Vampiric Draining        Necr           0%         2d6       32%         3
 Flame Wave               Conj/Fire      3%         2d5       56%         4
 Sticky Flame             Conj/Fire      3%         2d3       56%         4
 Anguish                  Hex/Necr       0%         N/A       71%         4
 Dispel Undead            Necr           0%         3d6       71%         4
 Alistair's Intoxication  Tmut/Pois      6%         N/A       52%         5
 Arcjolt                  Conj/Air       3%         1d13      73%         5
 Borgnjor's Vile Clutch   Necr/Erth      0%         N/A       96%         5
 Eringya's Noxious Bog    Tmut/Pois      5%         N/A       96%         6
 Death Channel            Necr           0%         N/A       100%        6
 Plasma Beam              Fire/Air       1%         2x1d12    100%        6


Dungeon Overview and Level Annotations

Branches:
Dungeon (6/15) Zot: 26748
 Temple: D:4-7

Altars:
Ru
Zin
The Shining One

Shops:
D:4 =

Annotations:
D:5 exclusions: ice beast, ogre and phantom


Innate Abilities, Weirdness & Mutations

You cannot wear most types of armour.
You are amphibious.
You can wear up to eight rings at the same time.
Your skin changes colour to match your surroundings (Stealth+).
Your rubbery body absorbs attacks. (AC +1, EV +1)
((You are camouflaged when in or above water. (Stealth+)))
You have tentacles for arms and can constrict up to eight enemies at once.


Message History

The orc warrior hits the wight with a +0 glaive.
The orc wizard gestures wildly while chanting.
The orc wizard flickers and vanishes!
Deactivating autopickup; reactivate with Ctrl-A.
The gnoll bouda gazes fiercely through you!
You feel your attacks grow feeble.
Something hits the wight but does no damage.
Something hits the wight but does no damage.
Something closely misses the wight.
You feel a bit more experienced.
Your Transmutations skill increases to level 2!
You see here a +0 dagger.
Your attacks no longer feel as feeble.
You see here a +0 ring mail.
Found a book of Decay.
You see here a book of Decay.
You see here a book of Decay.
You pick up a book of Decay and begin reading...
You add the spells Cigotuvi's Dreadful Rot, Dispel Undead and Death Channel to your library.
An ice beast comes into view.
Found a stone staircase leading down.
You sense an unholy aura.
a - a +2 dagger of draining (weapon)
The helpless ice beast fails to defend itself.
You puncture the ice beast! Your squeeze misses the ice beast.
The ice beast is heavily wounded.
The ice beast hits you. The ice beast freezes you!
You completely miss the ice beast.
The ice beast is heavily wounded.
The ice beast hits you.
* * * LOW HITPOINT WARNING * * *
The ice beast freezes you.
* * * LOW HITPOINT WARNING * * *
You are now empty-tentacled.
The ice beast closely misses you.
You barely miss the ice beast.
The ice beast is heavily wounded.
The ice beast hits you.
* * * LOW HITPOINT WARNING * * *
The ice beast freezes you!
You die...

.#####.####### #.#
.# #.##### #># .#
#.....#####.# .#
#...........### .#
#........##...
.......#.#.##.##.###
##...###.#.........#
##..# #.####.##.#.#
##.# #.# #.#.@..# .#
#.# #...Y....... #
#.# ###....##### #.
###..# #### ..# ...#
..# .#.# ..# .#.#
..# .#.#


You could see an ice beast.

Vanquished Creatures
  Sigmund (D:2)
  2 ogres
  Blork the orc (D:6)
  A wight (D:7)
  4 hounds
  A sleepcap (D:6)
  Jessica (D:2)
  2 iguanas
  2 orc wizards
  4 adders
  A white imp (D:6)
  An ufetubus (D:4)
  2 worms
  4 dart slugs
  7 orcs
  4 ball pythons
  4 bats
  4 endoplasms
  3 giant cockroaches
  3 goblins
  3 hobgoblins
  5 jackals
  A quokka (D:5)
  2 frilled lizards
  5 kobolds
  A rat (D:3)
69 creatures vanquished.

Notes
Turn   | Place    | Note
-------+----------+-------------------------------------------
     0 | D:1      | Twinkles the Octopode Wanderer began the quest for the Orb.
     0 | D:1      | Twinkles set off with the following items: a +0 trident, 14
                  | poisoned darts, a +0 dagger, a potion of berserk rage; and
                  | the following spell memorised: Sting; and the following
                  | spells available to memorise: Mephitic Cloud.
     0 | D:1      | Reached XP level 1. HP: 14/14 MP: 2/2
   169 | D:1      | Reached XP level 2. HP: 19/19 MP: 3/3
   351 | D:1      | Reached skill level 1 in Stealth
   679 | D:1      | HP: 5/19 [dart slug/slug dart (3)]
  1040 | D:2      | Reached XP level 3. HP: 24/24 MP: 4/4
  1113 | D:2      | Noticed Jessica
  1125 | D:2      | Killed Jessica
  1126 | D:2      | Reached skill level 1 in Unarmed Combat
  1126 | D:2      | Reached skill level 1 in Conjurations
  1126 | D:2      | Reached skill level 1 in Air Magic
  1126 | D:2      | Reached skill level 4 in Poison Magic
  1126 | D:2      | Reached XP level 4. HP: 14/30 MP: 5/5
  1316 | D:2      | Noticed Sigmund
  1324 | D:2      | Killed Sigmund
  1325 | D:2      | Reached XP level 5. HP: 32/36 MP: 6/6
  1325 | D:2      | Reached XP level 6. HP: 37/42 MP: 7/7
  1953 | D:3      | Found a faded altar of an unknown god.
  2051 | D:3      | Found a glowing golden altar of the Shining One.
  2066 | D:3      | HP: 11/42 [orc/+0 club (3)]
  2076 | D:3      | HP: 12/42 [something (1)]
  2420 | D:3      | Learned a level 3 spell: Mephitic Cloud
  2657 | D:4      | Found a glowing silver altar of Zin.
  2657 | D:4      | Found a sacrificial altar of Ru.
  2665 | D:4      | Became a worshipper of Ru the Awakened
  2777 | D:4      | Reached skill level 5 in Poison Magic
  2777 | D:4      | Reached XP level 7. HP: 42/46 MP: 8/8
  2893 | D:4      | Found Ziol's One-of-a-Kind Rings.
  3004 | D:5      | Entered Level 5 of the Dungeon
  3265 | D:5      | Reached skill level 1 in Transmutations
  3840 | D:6      | Noticed Blork the orc
  3847 | D:6      | Killed Blork the orc
  3979 | D:6      | You fall into a shaft and drop 1 floor!
  4177 | D:7      | HP: 9/48 [wight/+0 trident (12)]
  4232 | D:7      | HP: 12/48 [ice beast (3)]
  4234 | D:7      | Slain by an ice beast

Illustrated notes

Levels and vault maps discovered:
D:1:      mrwooster_arrival_statue_3, layout_basic
D:2:      layout_loops_corners, uniq_sigmund, uniq_jessica
D:3:      layout_loops_ring, old_standard_altar, basic_ecumenical_altar
D:4:      layout_basic, chequers_temple_overflow_statue_of_worship,
          nicolae_shop_unique_rings
D:5:      layout_gridville
D:6:      layout_rooms, nicolae_zen_rock_garden, uniq_blork_the_orc
D:7:      layout_loops_ring, minmay_temple_entry_antechambers,
          gammafunk_ghost_stat_death, uniq_maggie, uniq_duvessa

Skill      XL: |  1  2  3  4  5  6  7 |
---------------+----------------------+-----
Stealth        | 1 2 3 |  3.9
Unarmed Combat | 1 2 3 |  3.5
Conjurations   | 1 2 |  2.3
Air Magic      | 1 2 |  2.5
Poison Magic   | 4 5 |  5.9
Fighting       | 3 4 |  4.2
Transmutations | 2 |  2.1
Polearms       | |  3.0
Throwing       | |  1.0
Spellcasting   | |  1.0

Action                     |  1- 3 |  4- 6 |  7- 9 || total
---------------------------+-------+-------+-------++-------
  Melee: Dagger            |    34 |    68 |    43 ||   145
         Constrict         |    12 |    14 |    14 ||    40
         Tentacles         |     6 |    14 |    15 ||    35
         Trident           |     1 |       |       ||     1
         Punch             |     1 |     1 |     2 ||     4
         Unarmed           |       |       |    14 ||    14
   Cast: Mephitic Cloud    |       |       |     4 ||     4
    Use: Scroll            |       |       |     5 ||     5
   Stab: Sleeping          |     1 |    10 |     4 ||    15
         Confused          |       |       |     2 ||     2
 Armour: Skin              |     3 |     3 |     3 ||     9
  Dodge: Dodged            |    13 |    41 |    25 ||    79

Table legend: (Time is in decaauts)
 A = Elapsed time spent in this place.
 B = Non-inter-level travel time spent in this place.
 C = Inter-level travel time spent in this place.
 D = Time resting spent in this place.
 E = Time spent auto-exploring this place.
 F = Levels seen in this place.
 G = Mean time per level.
                   A        B        C        D        E       F      G
               +--------+--------+--------+--------+--------+-----+--------+
         Total |   4229 |   4076 |    153 |    167 |   3127 |   7 |  604.1 |
       Dungeon |   4229 |   4076 |    153 |    167 |   3127 |   7 |  604.1 |
               +--------+--------+--------+--------+--------+-----+--------+

Top non-repeatable levels by time:
     D:1: 947 daAuts
     D:2: 907 daAuts
     D:5: 729 daAuts
     D:3: 677 daAuts
     D:4: 546 daAuts
     D:7: 250 daAuts
     D:6: 168 daAuts
